TOP OF THE 1ST |
Panama City Piranhas batting - Pitching for San Mateo Dirty Reds : RHP Travis Morgan
|
Pitching: RHP Travis Morgan
|
|
Batting: LHB Oasiz Wiesblatt
|
0-0: Ball 1-0: Called Strike 1-1: Ball 2-1: Fly out, F2 (Popup, 25F, EV 87.5 MPH)
|
Batting: RHB Cleveland Kraut
|
0-0: Foul Ball, location: 2F 0-1: Called Strike 0-2: Hit by Pitch
|
Batting: RHB Hyeon-cheong Kim
|
0-0: Ball 1-0: Fly out, F9 (Flyball, 89S, EV 92.5 MPH)
|
Batting: RHB Blaze Alexander
|
0-0: Called Strike 0-1: Ball 1-1: DOUBLE (Line Drive, 89XD, EV 104.4 MPH) Cleveland Kraut to third Runner from 3rd tries for Home, SAFE, throw by CF to home
|
Batting: LHB Ji-e Loh
|
0-0: DOUBLE (Line Drive, 9LM, EV 103.1 MPH) Blaze Alexander scores
|
Batting: RHB Kieran Hansen
|
0-0: Called Strike 0-1: SINGLE (Groundball, 4D, EV 94.4 MPH) Ji-e Loh to third Runner from 3rd tries for Home, SAFE, no throw by RF
|
Batting: LHB Ashley Thachi
|
0-0: Ball 1-0: Foul Ball, location: 2F 1-1: Swinging Strike 1-2: Strikes out swinging
|
Top of the 1st over - 3 runs, 3 hits, 0 errors, 1 left on base; Panama City 3 - San Mateo 0 |
BOTTOM OF THE 1ST |
San Mateo Dirty Reds batting - Pitching for Panama City Piranhas : LHP Gunner Cross
|
Pitching: LHP Gunner Cross
|
|
Batting: RHB Jesús Gómez
|
0-0: Ball 1-0: DOUBLE (Line Drive, 8LXD, EV 101.2 MPH)
|
Batting: RHB Kawenaula Alohalani
|
0-0: Called Strike 0-1: Foul Ball, location: 2F 0-2: Ball 1-2: Ball 2-2: Strikes out swinging
|
Batting: RHB Eddie Neef
|
0-0: Called Strike 0-1: Ball 1-1: Ball 2-1: Ball 3-1: DOUBLE (Line Drive, 7LM, EV 103.1 MPH) Jesús Gómez scores
|
Batting: RHB Zahid Kashani
|
0-0: Called Strike 0-1: Foul Ball, location: 2F 0-2: Ground out 6-3 (Groundball, 6MD, EV 107.5 MPH) Eddie Neef to third
|
Batting: RHB Kyu-cheol Kye
|
0-0: Fly out, F9 (Flyball, 9LMF, EV 100.0 MPH)
|
Bottom of the 1st over - 1 run, 2 hits, 0 errors, 1 left on base; Panama City 3 - San Mateo 1 |
TOP OF THE 2ND |
Panama City Piranhas batting - Pitching for San Mateo Dirty Reds : RHP Travis Morgan
|
Batting: RHB Carsello Scruggins
|
0-0: Ball 1-0: Fly out, F8 (Flyball, 8RXD, EV 100.6 MPH)
|
Batting: RHB Brant Thigpen
|
0-0: Fly out, F8 (Flyball, 8LXD, EV 96.2 MPH)
|
Batting: LHB Oasiz Wiesblatt
|
0-0: Foul Ball, location: 2F 0-1: Ball 1-1: Foul Ball, location: 2F 1-2: Ball 2-2: Ball 3-2: Ground out 5-3 (Groundball, 56, EV 80.6 MPH)
|
Top of the 2nd over - 0 runs, 0 hits, 0 errors, 0 left on base; Panama City 3 - San Mateo 1 |
BOTTOM OF THE 2ND |
San Mateo Dirty Reds batting - Pitching for Panama City Piranhas : LHP Gunner Cross
|
Batting: RHB Yaakov Shmerkin
|
0-0: Ball 1-0: SOLO HOME RUN (Flyball, 78XD, EV 100.6 MPH), Distance : 419 ft
|
Batting: LHB Quitério Ruah
|
0-0: Ball 1-0: Ball 2-0: Ground out U3 (Groundball, 3, EV 79.4 MPH)
|
Batting: RHB Silvian Burger
|
0-0: Ball 1-0: Ground out 6-3 (Groundball, 6, EV 83.8 MPH)
|
Batting: RHB Jimmy Scott
|
0-0: Ball 1-0: Reached on error, E5 (Groundball, 5, EV 102.5 MPH)
|
Batting: RHB Jesús Gómez
|
0-0: Ball 1-0: Fly out, F8 (Flyball, 8LS, EV 93.8 MPH)
|
Bottom of the 2nd over - 1 run, 1 hit, 1 error, 1 left on base; Panama City 3 - San Mateo 2 |
TOP OF THE 3RD |
Panama City Piranhas batting - Pitching for San Mateo Dirty Reds : RHP Travis Morgan
|
Batting: RHB Cleveland Kraut
|
0-0: Foul Ball, location: 2F 0-1: Foul Ball, location: 2F 0-2: Ground out U3 (Groundball, 34, EV 81.9 MPH)
|
Batting: RHB Hyeon-cheong Kim
|
0-0: Ball 1-0: Ball 2-0: SINGLE (Groundball, 6D, EV 103.8 MPH)
|
Batting: RHB Blaze Alexander
|
0-0: Grounds into double play, 5-4-3 (Groundball, 56, EV 101.2 MPH)
|
Top of the 3rd over - 0 runs, 1 hit, 0 errors, 0 left on base; Panama City 3 - San Mateo 2 |
BOTTOM OF THE 3RD |
San Mateo Dirty Reds batting - Pitching for Panama City Piranhas : LHP Gunner Cross
|
Batting: RHB Kawenaula Alohalani
|
0-0: Called Strike 0-1: Fly out, F7 (Line Drive, 7, EV 101.9 MPH)
|
Batting: RHB Eddie Neef
|
0-0: Called Strike 0-1: Ball 1-1: SINGLE (Groundball, 6MD, EV 110.0 MPH)
|
Batting: RHB Zahid Kashani
|
0-0: Called Strike 0-1: Foul Ball, location: 2F 0-2: Ground out 6-3 (Groundball, 6S, EV 69.4 MPH) Eddie Neef to second
|
Batting: RHB Kyu-cheol Kye
|
0-0: Swinging Strike 0-1: Ball 1-1: Foul Ball, location: 2F 1-2: Foul Ball, location: 2F 1-2: Foul Ball, location: 2F 1-2: Ball 2-2: Strikes out swinging
|
Bottom of the 3rd over - 0 runs, 1 hit, 0 errors, 1 left on base; Panama City 3 - San Mateo 2 |
TOP OF THE 4TH |
Panama City Piranhas batting - Pitching for San Mateo Dirty Reds : RHP Travis Morgan
|
Batting: LHB Ji-e Loh
|
0-0: Called Strike 0-1: Called Strike 0-2: Foul Ball, location: 2F 0-2: Foul Ball, location: 2F 0-2: Ball 1-2: Strikes out swinging
|
Batting: RHB Kieran Hansen
|
0-0: Ball 1-0: Ball 2-0: Foul Ball, location: 2F 2-1: SINGLE (Groundball, 34D, EV 103.1 MPH)
|
Batting: LHB Ashley Thachi
|
0-0: Called Strike 0-1: Foul Ball, location: 2F 0-2: Grounds into double play, 6-4-3 (Groundball, 6, EV 98.8 MPH)
|
Top of the 4th over - 0 runs, 1 hit, 0 errors, 0 left on base; Panama City 3 - San Mateo 2 |
BOTTOM OF THE 4TH |
San Mateo Dirty Reds batting - Pitching for Panama City Piranhas : LHP Gunner Cross
|
Batting: RHB Yaakov Shmerkin
|
0-0: SINGLE (Line Drive, 89M, EV 86.9 MPH)
|
Batting: LHB Quitério Ruah
|
0-0: Ball 1-0: Called Strike Yaakov Shmerkin steals 2nd base 1-1: Fly out, F4 (Line Drive, 4, EV 67.5 MPH)
|
Batting: RHB Silvian Burger
|
0-0: Ground out U3 (Groundball, 34S, EV 80.0 MPH) Yaakov Shmerkin to third
|
Pitching: RHP Kenny Kawaguchi
|
|
Batting: RHB Jimmy Scott
|
0-0: Ball 1-0: Fly out, F8 (Flyball, 8LS, EV 90.6 MPH)
|
Bottom of the 4th over - 0 runs, 1 hit, 0 errors, 1 left on base; Panama City 3 - San Mateo 2 |
TOP OF THE 5TH |
Panama City Piranhas batting - Pitching for San Mateo Dirty Reds : RHP Travis Morgan
|
Batting: RHB Carsello Scruggins
|
0-0: SINGLE (Line Drive, 9S, EV 96.9 MPH)
|
Batting: RHB Brant Thigpen
|
0-0: Ball 1-0: SINGLE (Groundball, 34D, EV 102.5 MPH) Carsello Scruggins to second Runner from 2nd tries for 3rd, SAFE, no throw by RF
|
Batting: LHB Oasiz Wiesblatt
|
0-0: Called Strike 0-1: Foul Ball, location: 2F 0-2: Foul Ball, location: 2F 0-2: Foul Ball, location: 2F 0-2: Ball 1-2: Strikes out swinging
|
Batting: RHB Cleveland Kraut
|
0-0: Ball 1-0: Called Strike 1-1: Ball 2-1: Ball 3-1: Foul Ball, location: 2F 3-2: Strikes out swinging
|
Batting: RHB Hyeon-cheong Kim
|
0-0: Ball 1-0: Called Strike 1-1: Fly out, F8 (Line Drive, 8RD, EV 91.9 MPH)
|
Top of the 5th over - 0 runs, 2 hits, 0 errors, 2 left on base; Panama City 3 - San Mateo 2 |
BOTTOM OF THE 5TH |
San Mateo Dirty Reds batting - Pitching for Panama City Piranhas : RHP Kenny Kawaguchi
|
Batting: RHB Jesús Gómez
|
0-0: Called Strike 0-1: Ball 1-1: Called Strike 1-2: Ball 2-2: Ball 3-2: Base on Balls
|
Batting: RHB Kawenaula Alohalani
|
0-0: Ball 1-0: Swinging Strike 1-1: Foul Ball, location: 2F 1-2: Foul Ball, location: 2F 1-2: Strikes out swinging
|
Batting: RHB Eddie Neef
|
0-0: Called Strike 0-1: Called Strike 0-2: Ball 1-2: Ball 2-2: Ball 3-2: Foul Ball, location: 2F 3-2: Ground out 5-3 (Groundball, 56S, EV 66.9 MPH) Jesús Gómez to second
|
Batting: RHB Zahid Kashani
|
0-0: Ball 1-0: Ball 2-0: Swinging Strike 2-1: Ball 3-1: Base on Balls
|
Batting: RHB Kyu-cheol Kye
|
0-0: Fly out, F8 (Flyball, 78D, EV 98.1 MPH)
|
Bottom of the 5th over - 0 runs, 0 hits, 0 errors, 2 left on base; Panama City 3 - San Mateo 2 |
TOP OF THE 6TH |
Panama City Piranhas batting - Pitching for San Mateo Dirty Reds : RHP Travis Morgan
|
Batting: RHB Blaze Alexander
|
0-0: Called Strike 0-1: DOUBLE (Flyball, 7LD, EV 108.1 MPH)
|
Batting: LHB Ji-e Loh
|
0-0: Called Strike 0-1: Ball 1-1: Ball 2-1: Foul Ball, location: 2F 2-2: Ball 3-2: Foul Ball, location: 2F 3-2: Foul Ball, location: 2F 3-2: SINGLE (Groundball, 4MD, EV 100.6 MPH) Blaze Alexander to third
|
Batting: RHB Kieran Hansen
|
0-0: Called Strike 0-1: Foul Ball, location: 2F 0-2: Ball 1-2: SINGLE (Groundball, 4MD, EV 106.2 MPH) Blaze Alexander scores Ji-e Loh to second Runner from 2nd tries for 3rd, SAFE, no throw by CF
|
Batting: LHB Ashley Thachi
|
0-0: Foul Ball, location: 2F 0-1: Ball 1-1: Foul Ball, location: 2F 1-2: Ball 2-2: Ball 3-2: Foul Ball, location: 2F 3-2: 3-RUN HOME RUN (Flyball, 9LD, EV 96.2 MPH), Distance : 337 ft
|
Pitching: LHP Faisal bin Nabeel
|
|
Batting: RHB Carsello Scruggins
|
0-0: Called Strike 0-1: Fly out, F3 (Line Drive, 3, EV 66.9 MPH)
|
Batting: RHB Brant Thigpen
|
0-0: Ball 1-0: Ball 2-0: Ball 3-0: Called Strike 3-1: SINGLE (Groundball, 34D, EV 95.6 MPH)
|
Batting: LHB Oasiz Wiesblatt
|
0-0: Called Strike 0-1: Called Strike 0-2: Grounds into double play, 4-6-3 (Groundball, 34, EV 101.9 MPH)
|
Top of the 6th over - 4 runs, 5 hits, 0 errors, 0 left on base; Panama City 7 - San Mateo 2 |
BOTTOM OF THE 6TH |
San Mateo Dirty Reds batting - Pitching for Panama City Piranhas : RHP Kenny Kawaguchi
|
Batting: RHB Yaakov Shmerkin
|
0-0: Ground out 1-3 (Groundball, 15, EV 84.4 MPH)
|
Batting: LHB Quitério Ruah
|
0-0: Ball 1-0: Foul Ball, location: 2F 1-1: Ball 2-1: Fly out, F9 (Line Drive, 9, EV 106.9 MPH)
|
Batting: RHB Silvian Burger
|
0-0: DOUBLE (Flyball, 8LXD, EV 93.1 MPH)
|
Batting: RHB Jimmy Scott
|
0-0: Ball 1-0: Ball 2-0: Foul Ball, location: 2F 2-1: Ball 3-1: Base on Balls
|
Batting: RHB Jesús Gómez
|
0-0: Ball 1-0: Foul Ball, location: 2F 1-1: Ball 2-1: Foul Ball, location: 2F 2-2: Foul Ball, location: 2F 2-2: Foul Ball, location: 2F 2-2: Foul Ball, location: 2F 2-2: Ground out 1-3 (Groundball, 15S, EV 69.4 MPH)
|
Bottom of the 6th over - 0 runs, 1 hit, 0 errors, 2 left on base; Panama City 7 - San Mateo 2 |
TOP OF THE 7TH |
Panama City Piranhas batting - Pitching for San Mateo Dirty Reds : LHP Faisal bin Nabeel
|
Batting: RHB Cleveland Kraut
|
0-0: Fly out, F8 (Flyball, 8RD, EV 87.5 MPH)
|
Batting: RHB Hyeon-cheong Kim
|
0-0: Called Strike 0-1: Ball 1-1: Ground out 5-3 (Groundball, 56, EV 90.6 MPH)
|
Batting: RHB Blaze Alexander
|
0-0: Fly out, F7 (Line Drive, 7, EV 91.9 MPH)
|
Top of the 7th over - 0 runs, 0 hits, 0 errors, 0 left on base; Panama City 7 - San Mateo 2 |
BOTTOM OF THE 7TH |
San Mateo Dirty Reds batting - Pitching for Panama City Piranhas : RHP Kenny Kawaguchi
|
Batting: RHB Kawenaula Alohalani
|
0-0: Ball 1-0: Ball 2-0: Fly out, F7 (Line Drive, 7D, EV 89.4 MPH)
|
Batting: RHB Eddie Neef
|
0-0: Called Strike 0-1: Ball 1-1: Ball 2-1: Ball 3-1: Base on Balls
|
Pitching: RHP Marvin Sidebottom
|
|
Batting: RHB Zahid Kashani
|
0-0: Called Strike 0-1: Ball 1-1: Called Strike 1-2: SINGLE (Groundball, 56D, EV 100.6 MPH) Eddie Neef to second
|
Batting: RHB Kyu-cheol Kye
|
0-0: Called Strike 0-1: Ball 1-1: Called Strike 1-2: Fly out, F8 (Flyball, 8LS, EV 82.5 MPH)
|
Batting: RHB Yaakov Shmerkin
|
0-0: Ball 1-0: Swinging Strike 1-1: Swinging Strike 1-2: Foul Ball, location: 2F 1-2: Ball 2-2: Fly out, F9 (Flyball, 89XD, EV 93.8 MPH)
|
Bottom of the 7th over - 0 runs, 1 hit, 0 errors, 2 left on base; Panama City 7 - San Mateo 2 |
TOP OF THE 8TH |
Panama City Piranhas batting - Pitching for San Mateo Dirty Reds : LHP Faisal bin Nabeel
|
Batting: LHB Ji-e Loh
|
0-0: Called Strike 0-1: Ball 1-1: Ball 2-1: Foul Ball, location: 2F 2-2: Strikes out swinging
|
Batting: RHB Kieran Hansen
|
0-0: Called Strike 0-1: Ball 1-1: Ball 2-1: Ball 3-1: Ground out U3 (Groundball, 34, EV 90.0 MPH)
|
Batting: LHB Ashley Thachi
|
0-0: Ball 1-0: Ball 2-0: Foul Ball, location: 2F 2-1: Fly out, F8 (Flyball, 8LD, EV 102.5 MPH)
|
Top of the 8th over - 0 runs, 0 hits, 0 errors, 0 left on base; Panama City 7 - San Mateo 2 |
BOTTOM OF THE 8TH |
San Mateo Dirty Reds batting - Pitching for Panama City Piranhas : RHP Marvin Sidebottom
|
Batting: LHB Quitério Ruah
|
0-0: Ball 1-0: Swinging Strike 1-1: Ball 2-1: SINGLE (Line Drive, 7LS, EV 91.2 MPH)
|
Batting: RHB Silvian Burger
|
0-0: Ball 1-0: Ball 2-0: Swinging Strike 2-1: Called Strike 2-2: Strikes out looking
|
Batting: RHB Jimmy Scott
|
0-0: Ball 1-0: Ball 2-0: Ball 3-0: Base on Balls Quitério Ruah to second
|
Batting: RHB Jesús Gómez
|
0-0: Foul Ball, location: 2F Balk! Quitério Ruah to third Jimmy Scott to second 0-1: Foul Ball, location: 2F 0-2: Ground out 3-1 (Groundball, 34, EV 90.6 MPH) Quitério Ruah scores Jimmy Scott to third
|
Batting: RHB Kawenaula Alohalani
|
0-0: Swinging Strike 0-1: Swinging Strike 0-2: Foul Ball, location: 2F 0-2: Ball Wild Pitch! Jimmy Scott scores 1-2: Strikes out swinging
|
Bottom of the 8th over - 2 runs, 1 hit, 0 errors, 0 left on base; Panama City 7 - San Mateo 4 |
TOP OF THE 9TH |
Panama City Piranhas batting - Pitching for San Mateo Dirty Reds : LHP Faisal bin Nabeel
|
Pitching: LHP Urs Ehles
|
|
Batting: RHB Carsello Scruggins
|
0-0: Ball 1-0: Called Strike 1-1: Foul Ball, location: 2F 1-2: Fly out, F8 (Line Drive, 8LD, EV 99.4 MPH)
|
Batting: RHB Brant Thigpen
|
0-0: Foul Ball, location: 2F 0-1: Foul Ball, location: 2F 0-2: Ball 1-2: Strikes out swinging
|
Batting: LHB Oasiz Wiesblatt
|
0-0: Foul Ball, location: 2F 0-1: Called Strike 0-2: Ball 1-2: Foul Ball, location: 2F 1-2: Strikes out looking
|
Top of the 9th over - 0 runs, 0 hits, 0 errors, 0 left on base; Panama City 7 - San Mateo 4 |
BOTTOM OF THE 9TH |
San Mateo Dirty Reds batting - Pitching for Panama City Piranhas : RHP Marvin Sidebottom
|
Pitching: RHP Jonathan Lentz
|
|
Batting: RHB Eddie Neef
|
0-0: Foul Ball, location: 2F 0-1: Ball 1-1: Ball 2-1: Ball 3-1: Base on Balls
|
Batting: RHB Zahid Kashani
|
0-0: Fly out, F7 (Flyball, 7S, EV 85.0 MPH)
|
Batting: RHB Kyu-cheol Kye
|
0-0: Called Strike 0-1: Ball 1-1: Ball 2-1: Ball 3-1: Called Strike 3-2: Strikes out looking
|
Batting: RHB Yaakov Shmerkin
|
0-0: Ball 1-0: Foul Ball, location: 2F 1-1: Ball 2-1: Ball 3-1: Called Strike 3-2: Foul Ball, location: 2F 3-2: Fly out, F9 (Line Drive, 9, EV 98.1 MPH)
|
Bottom of the 9th over - 0 runs, 0 hits, 0 errors, 1 left on base; Panama City 7 - San Mateo 4 |
|